AoeStats
← Rafelso

Arabia

508226104Analyzed
1v1 RM · 12d ago on Sep 21, 2026· 24m 1s· 2 players
Game mode
Random Map
Map size
Tiny (2 player)
Population
200
Speed
Normal
Resources
Standard
Victory
Conquest
Starting age
Dark Age
Ending age
Imperial Age
RankedLock teamsTeams togetherTeam positionsShared explorationLock speedFull tech treeHidden civsTurbo modeCheats
Victory
Defeat
🇭🇺 Turks · Hungary
2045
+9
🇫🇷 Bohemians · France
1871
-9
[JA]Xerxes
7:08 Loom
8:27 Loom
10:45 Feudal Age
10:48 Man-at-Arms
11:14 Double-Bit Axe
16:53 Fletching
20:31 Castle Age
18:31 Horse Collar
19:33 Padded Archer Armor
21:13 Bodkin Arrow
20:39 Crossbowman
22:19 Ballistics
21:52 Gold Mining
23:58 Leather Archer Armor
24:13 Bow Saw
Rafelso
6:07 Loom
8:35 Feudal Age
10:01 Double-Bit Axe
18:08 Fletching
18:31 Fletching
22:35 Castle Age
23:11 Bodkin Arrow
23:09 Crossbowman
Connection lost

Rejoining the realm…

Still unreachable

The connection could not be restored.

Session expired

The server has moved on; the page needs a fresh start.